[Event "*** Titled Tuesday Blitz"]
[Site "Chess.com"]
[Date "2020.05.19"]
[Round "9"]
[White "GregShahade"]
[Black "nitpicker"]
[Result "1-0"]
[WhiteElo "2508"]
[BlackElo "2329"]
[TimeControl "180+1"]
[EndTime "13:46:05 PDT"]
[Termination "GregShahade won by resignation"]

1. e4 e6 2. d4 d5 3. Nd2 dxe4 4. Nxe4 Bd7 5. Nf3 Bc6 6. Bd3 Nd7 7. O-O Ngf6 8. Ng3 Be7 9. c4 Bxf3 10. Qxf3 c6 11. b3 O-O 12. Bb2 Qc7 13. Rad1 Rfe8 14. Rfe1 Bb4 15.
Re2 a5 16. a4 b6 17. h4 Rad8 18. h5 h6 19. Bc1 c5 20. Bf4 Qc8 21. d5 e5 22. Bxh6 e4 23. Nxe4 gxh6 24. Nxf6+ Nxf6 25. Qxf6 Qg4 26. Qxh6 f5 27. f3 Qg7 28. Qxg7+ Kxg7 29. Rxe8 Rxe8 30. Bxf5 Re3 31. d6 Re8 32. d7 Rd8 33. Rd6 1-0

[Event "*** Titled Tuesday Blitz"]
[Site "Chess.com"]
[Date "2020.05.19"]
[Round "9"]
[White "Susal_De_Silva"]
[Black "AnnaChessLook"]
[Result "1-0"]
[WhiteElo "2383"]
[BlackElo "2224"]
[TimeControl "180+1"]
[EndTime "13:46:05 PDT"]
[Termination "Susal_De_Silva won by resignation"]

1. e4 c5 2. Nf3 Nc6 3. Bb5 g6 4. Bxc6 dxc6 5. d3 Bg7 6. h3 Nf6 7. O-O Nd7 8. Nc3 e5 9. Be3 b6 10. a4 a5 11. Qd2 h6 12. Ne2 Nf8 13. Ng3 Ne6 14. c3 g5 15. Nf5 O-O 16. h4 Nf4 17.
hxg5 hxg5 18. Nxg7 Kxg7 19. Nxe5 Qf6 20. d4 Rh8 21. f3 Qh6 22. Bxf4 gxf4 23. Kf2 Qg5 24.
Rg1 Qg3+ 25. Ke2 Ba6+ 26. c4 Rad8 27. Nxc6 Bxc4+ 28. Kd1 Bb3+ 29. Kc1 cxd4 30. Nxd8 Rxd8 31. Ra3 Rc8+ 32. Kb1 Bc2+ 33. Ka1 d3 34. Rc3 Rd8 35. Rc7 Qh2 36. Rc1 Rd4 37. Qc3 1-0

[Event "*** Titled Tuesday Blitz"]
[Site "Chess.com"]
[Date "2020.05.19"]
[Round "9"]
[White "Efremov_Vlad"]
[Black "Perecke"]
[Result "0-1"]
[WhiteElo "2134"]
[BlackElo "2258"]
[TimeControl "180+1"]
[EndTime "13:46:05 PDT"]
[Termination "Perecke won on time"]

1. Nf3 d5 2. d4 Nf6 3. c4 e6 4. Nc3 Be7 5. Bf4 O-O 6. e3 Nbd7 7. c5 Nh5 8. Bd3 Nxf4 9. exf4 Re8 10. O-O f6 11.
Re1 Nf8 12. Qc2 c6 13. b4 Qc7 14. f5 exf5 15. Bxf5 Bxf5 16. Qxf5 Ng6 17. Nxd5 cxd5 18.
Qxd5+ Kh8 19. Qb3 Bf8 20. d5 b6 21. d6 Qd7 22. Nd4 Ne5 23. Qd5 a5 24. a3 axb4 25. axb4 Rxa1 26. Rxa1 Nd3 27. Qc4 Nf4 28. h3 h6 29. Nb5 Nxh3+ 30. gxh3 Qxh3 31. Ra3 Re1+ 0-1

[Event "*** Titled Tuesday Blitz"]
[Site "Chess.com"]
[Date "2020.05.19"]
[Round "9"]
[White "XiaoKangZhong"]
[Black "ajian"]
[Result "1-0"]
[WhiteElo "2413"]
[BlackElo "2315"]
[TimeControl "180+1"]
[EndTime "13:46:06 PDT"]
[Termination "XiaoKangZhong won by resignation"]

1. e4 c5 2. c3 d5 3. exd5 Qxd5 4. d4 Nf6 5. Nf3 Nc6 6. Na3 Bg4 7. Be2 e6 8. h3 Bh5 9. O-O Be7 10.
Nb5 Rc8 11. c4 Qd8 12. dxc5 Bxc5 13. Nc3 O-O 14. Bg5 Be7 15. Qa4 Nd7 16. Bxe7 Qxe7 17. Qb5 b6 18. Qxh5 Nc5 19. Rfd1 Qf6 20. Qg5 Qxg5 21.
Nxg5 h6 22. Nge4 Na6 23. a3 Na5 24. Nd6 Rc6 25. b4 Nb3 26. Rab1 Rd8 27. Ncb5 Nb8 28. Rxb3 a6 29. Bf3 axb5 30. Bxc6 bxc4 31. Rbb1 Nxc6 32.
Nxc4 Ra8 33. Rb3 g6 34. Nxb6 Rb8 35. Nd7 Ra8 36. Nc5 Ne5 37. a4 1-0

[Event "*** Titled Tuesday Blitz"]
[Site "Chess.com"]
[Date "2020.05.19"]
[Round "9"]
[White "Slovak_fighter2000"]
[Black "Fandorine"]
[Result "0-1"]
[WhiteElo "2544"]
[BlackElo "2861"]
[TimeControl "180+1"]
[EndTime "13:46:07 PDT"]
[Termination "Fandorine won by resignation"]

1. d4 Nf6 2. Nf3 g6 3. c4 Bg7 4. Nc3 d5 5. Bg5 Ne4 6. cxd5 Nxg5 7. Nxg5 e6 8. Qd2 exd5 9. Qe3+ Kf8 10. Qf4 Bf6 11. h4 h6 12. Nf3 Kg7 13. e3 Be6 14.
Bd3 Nd7 15. Qg3 c5 16. Ne2 Qa5+ 17. Kf1 cxd4 18. Nexd4 Nc5 19. Bc2 Rhe8 20. Qf4 Ne4 21. g4 Nd2+ 22. Kg2 Nxf3 23. Nxf3 Bxb2 24. Rab1 Qc3 25.
Nd4 Rac8 26. g5 h5 27. Qf6+ Kh7 28. Qf3 Kg8 29. Qf6 Qxc2 30. Qxe6 fxe6 0-1

[Event "*** Titled Tuesday Blitz"]
[Site "Chess.com"]
[Date "2020.05.19"]
[Round "9"]
[White "LimeInTheCoconut"]
[Black "GMStefanova"]
[Result "0-1"]
[WhiteElo "2504"]
[BlackElo "2643"]
[TimeControl "180+1"]
[EndTime "13:46:08 PDT"]
[Termination "GMStefanova won on time"]

1. d4 d5 2. c4 c6 3. Nf3 Nf6 4.
Nc3 a6 5. a4 e6 6. Bg5 Nbd7 7.
e3 Be7 8. Bd3 h6 9. Bh4 a5 10.
O-O O-O 11. Qc2 b6 12. e4 dxe4 13. Nxe4 Bb7 14. Rad1 Nxe4 15. Bxe7 Qxe7 16. Bxe4 Nf6 17. Rfe1 Nxe4 18. Qxe4 c5 19. d5 Qf6 20. Qe5 Qxe5 21.
Nxe5 exd5 22. cxd5 Rad8 23. d6 Rfe8 24. f3 Re6 25.
Nc4 Rxe1+ 26. Rxe1 Ba6 27. Nxb6 Rxd6 28. Re8+ Kh7 29. Rb8 Rd1+ 30. Kf2 Rd2+ 31. Kg3 Rxb2 32. Nd7 Rxb8 33. Nxb8 Bb7 34. Nd7 c4 35. Ne5 c3 36.
Kf4 c2 37. Nd3 Bc6 38. Ke3 Bxa4 39. Kd2 Bb3 0-1

[Event "*** Titled Tuesday Blitz"]
[Site "Chess.com"]
[Date "2020.05.19"]
[Round "9"]
[White "Guenplen"]
[Black "IwkooO"]
[Result "1-0"]
[WhiteElo "2955"]
[BlackElo "2551"]
[TimeControl "180+1"]
[EndTime "13:46:11 PDT"]
[Termination "Guenplen won by resignation"]

1. d4 Nf6 2. Bf4 g6 3. Nc3 d5 4. e3 Bg7 5. h4 h6 6. Nf3 Bg4 7.
Be2 Nbd7 8. Nb5 O-O 9. Bxc7 Qc8 10. Bh2 a6 11. Nc3 b5 12. a3 Qc6 13. Ne5 Nxe5 14. Bxe5 Bxe2 15. Qxe2 Rfc8 16. Bxf6 Bxf6 17. Qf3 Rd8 18. Qf4 Bg7 19. O-O a5 20. Rac1 b4 21. Nb1 Rab8 22. axb4 axb4 23. Nd2 Ra8 24. c4 bxc3 25.
Rxc3 Qb6 26. b3 Rdc8 27. Rfc1 Rxc3 28. Rxc3 Qb4 29. Qc7 Bf8 30. Nf3 Ra1+ 31. Kh2 Qb5 32. Qd8 Qb4 33. Rc8 e6 34. Ne5 Ra7 35. Nc6 1-0

[Event "*** Titled Tuesday Blitz"]
[Site "Chess.com"]
[Date "2020.05.19"]
[Round "9"]
[White "PlayChessSimple"]
[Black "1977Ivan"]
[Result "0-1"]
[WhiteElo "2499"]
[BlackElo "2637"]
[TimeControl "180+1"]
[EndTime "13:46:11 PDT"]
[Termination "1977Ivan won by resignation"]

1. e4 c5 2. Nf3 e6 3. c3 d5 4. e5 d4 5. d3 Ne7 6. g3 Bd7 7.
Bg2 Bc6 8. O-O Ng6 9. Na3 Nd7 10.
Nc4 b5 11. Nd6+ Bxd6 12. exd6 O-O 13. cxd4 cxd4 14. Nxd4 Bxg2 15. Kxg2 Nde5 16. Nxb5 Qd7 17. a4 a6 18. Nc3 Qc6+ 19. f3 Rad8 20. Qe2 Rxd6 21. Qe4 Qd7 22. b3 Rxd3 23. Bb2 Rd2+ 24. Rf2 Rxf2+ 25. Kxf2 Nd3+ 26. Kg2 Nxb2 27. Qc2 Nd3 28.
Rd1 Rd8 29. Kf1 Qd4 30. Ne4 h5 31. Nf2 Nge5 32. f4 Ng4 33. Rxd3 Ne3+ 34. Rxe3 Qxe3 35. Qc7 Rd2 0-1

[Event "*** Titled Tuesday Blitz"]
[Site "Chess.com"]
[Date "2020.05.19"]
[Round "9"]
[White "Manukyan_Artak"]
[Black "oykuince"]
[Result "1-0"]
[WhiteElo "2313"]
[BlackElo "2019"]
[TimeControl "180+1"]
[EndTime "13:46:11 PDT"]
[Termination "Manukyan_Artak won by resignation"]

1. e4 c5 2. Nf3 e6 3. c3 d5 4. e5 d4 5. cxd4 cxd4 6. Bb5+ Nc6 7. Bxc6+ bxc6 8. Qa4 Bd7 9. Qxd4 c5 10. Qe3 Nh6 11.
O-O Nf5 12. Qf4 g5 13. Qxg5 Be7 14. Qf4 Rg8 15. Nc3 Bc6 16. Kh1 Nd4 17. Ne4 Nxf3 18. Qxf3 Qd5 19. d3 Rd8 20. Bf4 h5 21. Rad1 c4 22. Rc1 cxd3 23. Rxc6 Qxc6 24. Nf6+ Bxf6 25. Qxc6+ Ke7 26. exf6+ Kxf6 27. h4 d2 28. Bg5+ Kg6 29. Bxd8 Rxd8 30. Rd1 Rd4 31. Qc2+ Kf6 32. Rxd2 Rxh4+ 33. Kg1 1-0

[Event "*** Titled Tuesday Blitz"]
[Site "Chess.com"]
[Date "2020.05.19"]
[Round "9"]
[White "Mbneu"]
[Black "TurboSteen"]
[Result "0-1"]
[WhiteElo "2211"]
[BlackElo "2006"]
[TimeControl "180+1"]
[EndTime "13:46:11 PDT"]
[Termination "TurboSteen won by resignation"]

1. d4 Nf6 2. c4 c5 3. d5 b5 4.
a4 b4 5. g3 g6 6. b3 Bg7 7. Bb2 d6 8. Bg2 Bb7 9. e4 e6 10. Ne2 exd5 11. exd5 O-O 12. O-O Nbd7 13. Nf4 Ne5 14. Bxe5 dxe5 15. Nd3 e4 16. Nxc5 Bc8 17. Ra2 Bf5 18. Re1 Re8 19. Nd2 Bg4 20. Qc2 Qb6 21. Ncxe4 Nxe4 22. Nxe4 f5 23. h3 Bh5 24. g4 fxe4 25.
gxh5 e3 26. fxe3 Rxe3 27. Rxe3 Qxe3+ 28. Qf2 Qxb3 29. Re2 Qxc4 30. Qg3 Qxe2 0-1

[Event "*** Titled Tuesday Blitz"]
[Site "Chess.com"]
[Date "2020.05.19"]
[Round "9"]
[White "IMTominho"]
[Black "Lagmantr"]
[Result "0-1"]
[WhiteElo "2823"]
[BlackElo "2704"]
[TimeControl "180+1"]
[EndTime "13:46:13 PDT"]
[Termination "Lagmantr won by resignation"]

1. d4 d5 2. Bg5 g6 3. Nf3 Bg7 4. c4 c6 5. e3 Nf6 6. Nc3 O-O 7.
Be2 a6 8. O-O b5 9. cxd5 cxd5 10. Ne5 Bb7 11. a4 b4 12. Na2 Ne4 13. Bh4 a5 14. Nc1 Nd7 15. Nxd7 Qxd7 16. Nb3 g5 17.
Bg3 Ba6 18. Bxa6 Rxa6 19. Qd3 Rh6 20. Rfc1 Nxg3 21. hxg3 f5 22. Nxa5 f4 23. exf4 gxf4 24. Nb3 f3 25. Qf1 Qg4 26. gxf3 Qxf3 27. Qg2 Qxb3 28.
Rd1 Qxb2 29. Qxd5+ e6 30. Ra2 Qxf2+ 31. Rxf2 exd5 32.
Rb2 Rb8 33. Kg2 Ra6 34. Kf3 Rxa4 35. Kf4 b3 36. Kf5 Rxd4 0-1

[Event "*** Titled Tuesday Blitz"]
[Site "Chess.com"]
[Date "2020.05.19"]
[Round "9"]
[White "IMRosen"]
[Black "Ranindu2003"]
[Result "1-0"]
[WhiteElo "2593"]
[BlackElo "2451"]
[TimeControl "180+1"]
[EndTime "13:46:14 PDT"]
[Termination "IMRosen won by checkmate"]

1. d4 d5 2. Bf4 Nf6 3. e3 e6 4. Nd2 c5 5. Ngf3 Nc6 6. c3 cxd4 7. exd4 Nh5 8. Be3 Bd6 9. Ne5 g6 10. g4 Ng7 11. h4 h5 12. Bb5 Qc7 13. Ndf3 a6 14. Bxc6+ bxc6 15. Bg5 Be7 16. Qa4 Bb7 17. Bxe7 Kxe7 18. Ng5 Rhf8 19. Qb4+ Ke8 20. Nh7 Rh8 21. Nf6+ Kd8 22. f3 hxg4 23. fxg4 a5 24. Qc5 Ne8 25. g5 Nxf6 26. gxf6 Rh5 27. O-O-O Ra6 28. Qf8# 1-0

[Event "*** Titled Tuesday Blitz"]
[Site "Chess.com"]
[Date "2020.05.19"]
[Round "9"]
[White "14Sokol88"]
[Black "archess2"]
[Result "0-1"]
[WhiteElo "2390"]
[BlackElo "2289"]
[TimeControl "180+1"]
[EndTime "13:46:15 PDT"]
[Termination "archess2 won by checkmate"]

1. e4 c6 2. d4 d5 3. Nc3 dxe4 4.
Nxe4 Bf5 5. Ng3 Bg6 6. Nf3 Nd7 7. h4 h6 8. Bd3 Bxd3 9. Qxd3 e6 10. Bf4 Qa5+ 11.
Bd2 Qc7 12. O-O-O O-O-O 13. Ne4 Ngf6 14. Kb1 Nxe4 15. Qxe4 Nf6 16. Qe2 Bd6 17. g3 Rhe8 18.
c4 c5 19. dxc5 Bxc5 20. Bf4 Qb6 21. Ne5 Rxd1+ 22. Rxd1 Re7 23. Nd3 Bd4 24. c5 Qb5 25. c6 bxc6 26. Rc1 Nd5 27. Qe4 Nc3+ 28. Rxc3 Bxc3 29. a4 Qb6 30. Be3 Qb7 31. Qc4 Bf6 32. Bc1 Rc7 33. Nc5 Qb6 34. b3 Be7 35. Nd3 Rb7 36.
Kc2 a5 37. Be3 Qc7 38. Bd4 Bf6 39. Bxf6 gxf6 40. Nc5 Rb4 41. Qd3 Qa7 42. Ne4 Qd4 43. Qa6+ Kd8 44. Qa8+ Ke7 45. Nc3 Qxf2+ 46. Kd3 Rd4# 0-1

[Event "*** Titled Tuesday Blitz"]
[Site "Chess.com"]
[Date "2020.05.19"]
[Round "9"]
[White "WiktoriaPOL"]
[Black "DvaHrasta"]
[Result "0-1"]
[WhiteElo "2003"]
[BlackElo "2432"]
[TimeControl "180+1"]
[EndTime "13:46:16 PDT"]
[Termination "DvaHrasta won by resignation"]

1. c4 e5 2. Nc3 Bb4 3. Nd5 Be7 4. d4 d6 5. Nf3 c6 6. Nc3 Qc7 7. g3 Nf6 8. Bg2 O-O 9. O-O a5 10. b3 Re8 11. Bb2 e4 12. Nd2 d5 13. cxd5 cxd5 14. Rc1 Nc6 15. a3 Bg4 16. h3 Bh5 17. g4 Bg6 18. e3 h6 19. Qc2 Rac8 20. Ndb1 Qd7 21. Qe2 h5 22. g5 Nh7 23. h4 f6 24.
gxf6 Bxf6 25. Kh2 Bxh4 26. Bh3 Qd6+ 27. Kh1 Ng5 28. Bg2 Rf8 29. Nd2 Rf6 30. Nb5 Qb8 31.
Rc5 Rcf8 32. Rxd5 Rxf2 33. Rxf2 Rxf2 34. Qd1 Qg3 35. Qg1 Rxd2 0-1

[Event "*** Titled Tuesday Blitz"]
[Site "Chess.com"]
[Date "2020.05.19"]
[Round "9"]
[White "GMKrikor"]
[Black "olksuna"]
[Result "1-0"]
[WhiteElo "2758"]
[BlackElo "2592"]
[TimeControl "180+1"]
[EndTime "13:46:17 PDT"]
[Termination "GMKrikor won by resignation"]

1. Nf3 d5 2. c4 e6 3. e3 Nf6 4.
Nc3 c5 5. cxd5 exd5 6. d4 a6 7. g3 c4 8. Bg2 b5 9. Ne5 Bd6 10.
Nxd5 Nxd5 11. Nxf7 Bb4+ 12. Kf1 Qd7 13. Nxh8 g6 14.
Qf3 Bb7 15. e4 Nc7 16. d5 Qg7 17. Bf4 Ba5 18. Qa3 Bb6 19. Qd6 Nd7 20. Bh3 Ba5 21.
Bg5 Nf8 22. Bf6 Bb4 23. Qe5+ 1-0

[Event "*** Titled Tuesday Blitz"]
[Site "Chess.com"]
[Date "2020.05.19"]
[Round "9"]
[White "HouseOfDurin"]
[Black "DonBroca"]
[Result "0-1"]
[WhiteElo "1971"]
[BlackElo "2160"]
[TimeControl "180+1"]
[EndTime "13:46:17 PDT"]
[Termination "DonBroca won by checkmate"]

1. d4 Nf6 2. Bg5 c5 3. Bxf6 gxf6 4. c3 Qb6 5. Qd2 Nc6 6. e3 Bh6 7. a3 Rg8 8. g3 d5 9. Bg2 Be6 10. dxc5 Qxc5 11. Ne2 Ne5 12. Qc2 O-O-O 13. Nd2 Nc4 14. Nb3 Qb6 15. Ned4 Bxe3 16. fxe3 Nxe3 17. Qe2 Nxg2+ 18.
Qxg2 Bd7 19. Nc1 e5 20. Nf3 Bc6 21. b4 d4 22. cxd4 Rxd4 23. Qf2 Bxf3 24. Qxf3 Rgd8 25. Ne2 Rd3 26. Rc1+ Kb8 27. Qf5 Qe3 28. Rc2 Rd1# 0-1

[Event "*** Titled Tuesday Blitz"]
[Site "Chess.com"]
[Date "2020.05.19"]
[Round "9"]
[White "DenisQ"]
[Black "kleopl"]
[Result "1-0"]
[WhiteElo "2561"]
[BlackElo "2388"]
[TimeControl "180+1"]
[EndTime "13:46:18 PDT"]
[Termination "DenisQ won by resignation"]

1. Nf3 Nf6 2. c4 g6 3. Nc3 Bg7 4. g3 O-O 5. Bg2 d5 6. cxd5 Nxd5 7. O-O Nxc3 8. dxc3 c6 9. Qxd8 Rxd8 10. Bg5 Re8 11.
Rfd1 Nd7 12. Nd4 Bxd4 13. Rxd4 Nc5 14. Be3 Ne6 15. Rd2 Nc7 16. Rad1 Be6 17. b3 Bd5 18. c4 Bxg2 19. Kxg2 Ne6 20. Rd7 b6 21. Rb7 Nf8 22. Bh6 Ne6 23. b4 f6 24. Rdd7 Kf7 25.
Be3 a5 26. b5 cxb5 27. cxb5 Nc5 28. Bxc5 bxc5 29. Rbc7 Rac8 30. a4 c4 31. Kf3 f5 32.
Rxe7+ Rxe7 33. Rxc8 Re4 34. b6 c3 35. b7 1-0

[Event "*** Titled Tuesday Blitz"]
[Site "Chess.com"]
[Date "2020.05.19"]
[Round "9"]
[White "Mr_Sinigami"]
[Black "AlexTruskavetsky"]
[Result "0-1"]
[WhiteElo "2566"]
[BlackElo "2461"]
[TimeControl "180+1"]
[EndTime "13:46:18 PDT"]
[Termination "AlexTruskavetsky won by resignation"]

1. d4 g6 2. Nf3 Bg7 3. Bf4 d6 4. e3 Nf6 5. h3 O-O 6. Be2 c5 7. c3 Nc6 8. Nbd2 cxd4 9. exd4 e5 10. dxe5 dxe5 11. Nxe5 Nd5 12. Nxc6 bxc6 13. Bg3 Re8 14. Nc4 Ba6 15. O-O Bxc3 16. Qc2 Bg7 17. a3 Qg5 18. Rfe1 Bd4 19. Kh2 h5 20. h4 Qf6 21. Bf1 Bxc4 22. Qxc4 Bxf2 23. Rxe8+ Rxe8 24. Bxf2 Qxf2 25. Qxc6 Qxh4+ 26. Kg1 Qd4+ 27. Kh2 Re4 28. g3 h4 29. Rc1 hxg3+ 30.
Kxg3 Qe3+ 31. Kh2 Qf2+ 0-1

[Event "*** Titled Tuesday Blitz"]
[Site "Chess.com"]
[Date "2020.05.19"]
[Round "9"]
[White "cfjohansson"]
[Black "Jenia84"]
[Result "0-1"]
[WhiteElo "2328"]
[BlackElo "2248"]
[TimeControl "180+1"]
[EndTime "13:46:19 PDT"]
[Termination "Jenia84 won by resignation"]

1. d4 Nf6 2. c4 e6 3. Nc3 Bb4 4.
f3 d5 5. a3 Bxc3+ 6. bxc3 c5 7.
cxd5 Nxd5 8. dxc5 f5 9. e4 fxe4 10. Qc2 Qa5 11. fxe4 Qxc3+ 12. Qxc3 Nxc3 13. Bb2 Nxe4 14. Bxg7 Rg8 15. Bd4 Nc6 16. Be3 e5 17. Bd3 Nf6 18. O-O-O Be6 19. Nf3 e4 20. Ng5 Bb3 21. Bc2 Bxc2 22. Kxc2 h6 23. Nxe4 Nxe4 24. Rhe1 Rxg2+ 25. Bd2 O-O-O 26. Rxe4 Nd4+ 27. Kc3 Nf3 28. Rf1 Nxd2 0-1

[Event "*** Titled Tuesday Blitz"]
[Site "Chess.com"]
[Date "2020.05.19"]
[Round "9"]
[White "dennisodessa"]
[Black "CroissantNeuf"]
[Result "1-0"]
[WhiteElo "2243"]
[BlackElo "2347"]
[TimeControl "180+1"]
[EndTime "13:46:19 PDT"]
[Termination "dennisodessa won on time"]

1. d4 Nf6 2. c4 e6 3. Nc3 Bb4 4. Qc2 O-O 5. a3 Bxc3+ 6. Qxc3 b5 7. cxb5 c6 8. e3 cxb5 9. Bxb5 Qb6 10. Bd3 Ba6 11. Nf3 Rc8 12. Qd2 d5 13. O-O Ne4 14. Qe2 Bxd3 15. Qxd3 a5 16. Nd2 Nd6 17. Nb3 Nd7 18.
Bd2 a4 19. Nc5 Nxc5 20. dxc5 Qxc5 21. Bb4 Qc4 22. Rfd1 Ne4 23. f3 Nf6 24. Rab1 Nd7 25. b3 axb3 26. Qxb3 Ne5 27. Qb2 Nd3 28. Qd2 Nxb4 29.
Rxb4 Qc3 30. Qxc3 Rxc3 31. Rdb1 g6 32. a4 Rxe3 33. Ra1 Rc3 34. a5 Rc5 35. a6 Rc6 36. a7 Rc7 37. Rb8+ 1-0

[Event "*** Titled Tuesday Blitz"]
[Site "Chess.com"]
[Date "2020.05.19"]
[Round "9"]
[White "Sychev_Klementy"]
[Black "Salem-AR"]
[Result "0-1"]
[WhiteElo "2840"]
[BlackElo "3043"]
[TimeControl "180+1"]
[EndTime "13:46:20 PDT"]
[Termination "Salem-AR won on time"]

1. e4 c5 2. Nf3 Nc6 3. d4 cxd4 4. Nxd4 Nf6 5. Nc3 e5 6. Ndb5 d6 7. Bg5 a6 8. Na3 b5 9. Bxf6 gxf6 10. Nd5 f5 11. g3 Bg7 12. exf5 Bxf5 13. Bg2 Be6 14.
Nf4 exf4 15. Bxc6+ Ke7 16. c3 b4 17. Nc2 bxc3 18.
b3 Rc8 19. Bg2 Be5 20. O-O Qb6 21. Kh1 h5 22. Qf3 fxg3 23. fxg3 h4 24. Rae1 Rcg8 25. Rxe5 dxe5 26. Qf6+ Ke8 27. Rd1 hxg3 28. Rd8+ Qxd8 29. Bc6+ Qd7 30. Bxd7+ Kxd7 31. h4 Rh5 32. Qf3 g2+ 33. Kg1 Rxh4 34. Qb7+ Kd6 35. Qb6+ Ke7 36. Qa7+ Kf6 37.
Qf2+ Rf4 0-1

[Event "*** Titled Tuesday Blitz"]
[Site "Chess.com"]
[Date "2020.05.19"]
[Round "9"]
[White "dianosky"]
[Black "elohunter1999"]
[Result "1-0"]
[WhiteElo "2399"]
[BlackElo "2523"]
[TimeControl "180+1"]
[EndTime "13:46:20 PDT"]
[Termination "dianosky won by resignation"]

1. d4 Nf6 2. c4 g6 3. Nc3 d5 4. Bg5 Ne4 5. Nxe4 dxe4 6. Qd2 Bg7 7. e3 c5 8. d5 Nd7 9. Ne2 Ne5 10. Nc3 Bf5 11.
h3 h5 12. Be2 Qd7 13. O-O-O O-O-O 14. f3 exf3 15. gxf3 Bxh3 16. f4 Bg4 17. fxe5 Bxe5 18. Bxg4 hxg4 19. Rxh8 Rxh8 20. Qf2 f6 21. Bf4 Bxc3 22.
bxc3 Qa4 23. d6 e5 24. d7+ Kc7 25. Bxe5+ fxe5 26. Qf6 Qxd1+ 27. Kxd1 Rd8 28. Qxe5+ Kc6 29. Qe6+ Kc7 30. Qxg6 Rxd7+ 31. Kc2 b6 32. Qxg4 Re7 33. Qf5 Kd6 34. e4 Re5 35. Qf8+ Re7 36. e5+ Kd7 37. Qf6 Re6 38. Qf7+ Re7 39. Qd5+ Kc7 40. Qd6+ 1-0

[Event "*** Titled Tuesday Blitz"]
[Site "Chess.com"]
[Date "2020.05.19"]
[Round "9"]
[White "savagemedusa"]
[Black "H3nriqueTV"]
[Result "1-0"]
[WhiteElo "2238"]
[BlackElo "2087"]
[TimeControl "180+1"]
[EndTime "13:46:20 PDT"]
[Termination "savagemedusa won by checkmate"]

1. e4 c5 2. Nf3 d6 3. d4 cxd4 4.
Nxd4 Nf6 5. Nc3 Nc6 6. g3 e5 7. Nb3 Bg4 8. f3 Bh5 9. h4 Bg6 10. Bg5 Be7 11. Bxf6 Bxf6 12. h5 Qe7 13. Nd5 Qd7 14. Bh3 Qd8 15. hxg6 hxg6 16. Qe2 Nd4 17.
Nxd4 exd4 18. O-O-O Qa5 19. Kb1 b5 20. Qxb5+ Qxb5 21. Nc7+ Ke7 22. Nxb5 Rhb8 23. Nxd4 Rb6 24. c3 Rab8 25. Rh2 a5 26. f4 a4 27. Rhd2 Kf8 28. Bg2 g5 29. f5 Be5 30. Ne2 a3 31. b3 Rc8 32. c4 Rxc4 33. Rc2 Rcb4 34. Rdc1 Kg8 35.
Rc8+ Kh7 36. Rh1# 1-0

[Event "*** Titled Tuesday Blitz"]
[Site "Chess.com"]
[Date "2020.05.19"]
[Round "9"]
[White "Ceejay271"]
[Black "SuperCheese"]
[Result "1-0"]
[WhiteElo "2407"]
[BlackElo "2542"]
[TimeControl "180+1"]
[EndTime "13:46:21 PDT"]
[Termination "Ceejay271 won on time"]

1. d4 Nf6 2. c4 e6 3. Nc3 Bb4 4. g3 d5 5. Bg2 O-O 6. Nf3 dxc4 7. O-O Nc6 8. Qa4 Rb8 9. Ne5 a5 10. Nxc6 bxc6 11. Rd1 Nd5 12. Bd2 Bd7 13. a3 c5 14.
Qc2 cxd4 15. Nxd5 Bxd2 16. Rxd2 exd5 17. Bxd5 Ba4 18. Qxc4 Bb3 19. Qxd4 Bxd5 20. Qxd5 Qxd5 21. Rxd5 Rxb2 22. e3 Rfb8 23. Rxa5 g6 24. Rc5 Rb1+ 25. Rxb1 Rxb1+ 26. Kg2 Rb3 27. a4 Ra3 28. a5 Kf8 29. Kf3 Ra4 30. h4 h5 31. e4 c6 32. Kf4 Ke7 33.
Rxc6 Rxa5 34. f3 Kf8 35. Rc3 Kg7 36. e5 Ra4+ 37. Kg5 Ra6 38. f4 Ra5 39. Rc7 Rb5 40. g4 hxg4 41. Kxg4 Kh6 42. Rxf7 Rb1 43. Rf6 Re1 44. f5 Rg1+ 45. Kf4 Rf1+ 46. Ke4 Re1+ 47. Kd5 Kh5 48. Rxg6 1-0

[Event "*** Titled Tuesday Blitz"]
[Site "Chess.com"]
[Date "2020.05.19"]
[Round "9"]
[White "Oleksandr_Bortnyk"]
[Black "K_A_S_T_O_R"]
[Result "1-0"]
[WhiteElo "2978"]
[BlackElo "2731"]
[TimeControl "180+1"]
[EndTime "13:46:22 PDT"]
[Termination "Oleksandr_Bortnyk won by resignation"]

1. e4 c5 2. Be2 Nc6 3. f4 e6 4. d3 d5 5. Nf3 g6 6. O-O Bg7 7. c3 Nge7 8. Be3 d4 9. Bf2 b6 10. c4 f5 11. Nbd2 O-O 12. e5 h6 13. Bh4 Qd7 14.
a3 a5 15. Qe1 Kh7 16. h3 a4 17. Kh2 Ba6 18. Rc1 Nd8 19. Rg1 Nf7 20. g4 Rg8 21.
Bf6 Bxf6 22. exf6 Nc6 23. Qh4 Qd6 24. g5 e5 25. Rcf1 exf4 26. Bd1 Bb7 27. Re1 Nce5 28. Rxe5 Bxf3 29. Nxf3 Rge8 30. Rge1 Rxe5 31. Rxe5 Kg8 32. Re7 h5 33. Qe1 Kf8 34. Bxa4 Kg8 35. Re8+ Rxe8 36.
Qxe8+ Qf8 37. h4 Nd6 38. Qxg6+ Kh8 39. Qxh5+ Kg8 40. Qg6+ Kh8 41. Bd7 Qf7 42. Qxf7 Nxf7 43. Bxf5 Nd6 44. Be6 Kh7 45. h5 b5 46. g6+ Kh6 47. g7 1-0

[Event "*** Titled Tuesday Blitz"]
[Site "Chess.com"]
[Date "2020.05.19"]
[Round "9"]
[White "PotapovaM"]
[Black "stolencandy13"]
[Result "0-1"]
[WhiteElo "2422"]
[BlackElo "2558"]
[TimeControl "180+1"]
[EndTime "13:46:25 PDT"]
[Termination "stolencandy13 won by checkmate"]

1. d4 Nf6 2. c4 c5 3. d5 e6 4. Nc3 exd5 5. cxd5 d6 6. Nf3 g6 7. Bf4 a6 8. a4 Bg7 9. h3 O-O 10. e3 Qe7 11. Be2 Nbd7 12. O-O Ne8 13. Qb3 Rb8 14.
a5 h6 15. Bh2 f5 16. Nd2 g5 17. Nc4 f4 18. Bg4 Ne5 19. Bxc8 Rxc8 20. exf4 gxf4 21. Rae1 Qf7 22. Re4 f3 23. g4 Nxc4 24. Qxc4 Qg6 25.
Re6 Qc2 26. Bxd6 Nxd6 27. Rxd6 Be5 28. Rxh6 Rf4 29. Qa2 Bxc3 30. d6+ c4 31. Qa3 Qxb2 32. d7 Qxa3 33. dxc8=Q+ Qf8 34. Rg6+ Kh7 35. Qe6 Bf6 36. Rxf6 Qxf6 37. Qd7+ Qg7 38. Qd5 Rxg4+ 39. Kh1 Rf4 40. Qh5+ Qh6 41. Qd5 Qxh3+ 42. Kg1 Rg4# 0-1

[Event "*** Titled Tuesday Blitz"]
[Site "Chess.com"]
[Date "2020.05.19"]
[Round "9"]
[White "Djager97"]
[Black "Mizner"]
[Result "0-1"]
[WhiteElo "2379"]
[BlackElo "2557"]
[TimeControl "180+1"]
[EndTime "13:46:26 PDT"]
[Termination "Mizner won on time"]

1. e4 e6 2. d4 d5 3. Nc3 Nf6 4. Bg5 dxe4 5. Nxe4 Nbd7 6. Nf3 Be7 7. Nxf6+ Nxf6 8.
Bd3 Nd5 9. Bd2 c5 10. dxc5 Bxc5 11. Qe2 Nb4 12. Bxb4 Bxb4+ 13. c3 Be7 14. O-O O-O 15.
Rad1 Qa5 16. Ne5 g6 17. Rfe1 Qxa2 18. g3 Qa5 19. h4 Bf6 20. Nc4 Qc5 21. Qf3 Bg7 22. b4 Qe7 23. Ne5 a5 24. b5 a4 25. h5 Qg5 26. hxg6 Bxe5 27. gxh7+ Kh8 28. Qe4 Bg7 29. Qb4 Bd7 30. Re4 e5 31. Rh4 Be6 32. Ra1 a3 33. Rxa3 Qc1+ 34. Kh2 Rxa3 0-1

[Event "*** Titled Tuesday Blitz"]
[Site "Chess.com"]
[Date "2020.05.19"]
[Round "9"]
[White "InitiatingASC"]
[Black "2L8IWUN"]
[Result "0-1"]
[WhiteElo "2372"]
[BlackElo "2543"]
[TimeControl "180+1"]
[EndTime "13:46:26 PDT"]
[Termination "2L8IWUN won by resignation"]

1. Nf3 d5 2. b3 Nf6 3. Bb2 g6 4. e3 Bg7 5. c4 O-O 6. cxd5 Nxd5 7. Bxg7 Kxg7 8. Be2 c5 9. O-O Nc6 10. Nc3 Bg4 11. Qc2 Kg8 12. a3 Rc8 13. Rac1 a6 14. Rfd1 e5 15. Ne4 b6 16. Bxa6 Bxf3 17. gxf3 Rc7 18. Qd3 Kg7 19. Bc4 Rd7 20. Qf1 f5 21. Nc3 Nc7 22. Nb5 Na5 23. Nxc7 Rxc7 24. b4 cxb4 25.
axb4 Nxc4 26. Rxc4 Rff7 27. d3 Rfd7 28. Rdc1 Ra7 29. R1c3 Ra4 30. f4 b5 31. Rc8 Qe7 32.
fxe5 Qxe5 33. Qb1 f4 34. R8c5 Qe6 35. Qd1 fxe3 36. Qe2 exf2+ 37. Kxf2 Rf7+ 0-1